 Dungeon Crawl Stone Soup version 0.28.0-53-g5a82cb258f (webtiles) character file.

Game seed: 11317820311904468580

5324 Peloso the Carver (level 10, -7/90 HPs)
             Began as a Minotaur Fighter on June 1, 2022.
             Was an Elder of Okawaru.
             Mangled by an orc warrior
             ... wielding a +0 halberd
              (18 damage)
             ... in a bailey.
             The game lasted 00:16:47 (8389 turns).

Peloso the Carver (Minotaur Fighter)                Turns: 8389, Time: 00:16:48

Health: -7/90      AC: 12    Str: 29    XL:     10   Next: 38%
Magic:  10/10      EV: 11    Int:  5    God:    Okawaru [****..]
Gold:   432        SH:  6    Dex: 12    Spells: 9/9 levels left

rFire   + . .      SeeInvis .   b - +0 long sword (vamp)
rCold   . . .      Faith    .   c - +0 buckler
rNeg    . . .      Spirit   .   f - +3 scale mail {rF+}
rPois   .          Reflect  .   (helmet restricted)
rElec   .          Harm     .   (no cloak)
rCorr   .          Rampage  .   m - +0 pair of gloves
Will    .....                   (no boots)
Stlth   ..........              (no amulet)
HPRegen 0.25/turn               i - +6 ring of strength
MPRegen 0.12/turn               w - ring of flight

@: flying
A: horns 2, retaliatory headbutt
a: Renounce Religion, Heroism, Finesse


You were in a bailey.
You worshipped Okawaru.
Okawaru was greatly pleased with you.
You visited 2 branches of the dungeon, and saw 9 of its levels.
You also visited: Bailey.

You collected 432 gold pieces.

Inventory:

Hand Weapons
 a - a +3 falchion of holy wrath
 b - a +0 vampiric long sword (weapon)
 B - the +8 frozen axe "Frostbite" {freezing cloud, *Noise Fly rC+}
   (You found it on level 7 of the Dungeon)

   It freezes those it strikes, dealing additional cold damage.
   It can also slow down cold-blooded creatures.
   It occasionally leaves clouds of freezing vapour upon striking a foe.
   It grants immunity to clouds of freezing vapour.
   rC:        It protects you from cold.
   Fly:       It grants you flight.
   *Noise:    It may make noises in combat.
Armour
 c - a +0 buckler (worn)
 f - a +3 scale mail of fire resistance (worn)
 m - a +0 pair of gloves (worn)
Jewellery
 e - a ring of protection from fire
 i - a +6 ring of strength (left hand)
 w - a ring of flight (right hand)
Wands
 t - a wand of flame (45)
Scrolls
 g - 3 scrolls of immolation
 h - 2 scrolls of fear {unknown}
 j - 2 scrolls of enchant armour
 l - a scroll of silence
 p - 3 scrolls of teleportation {unknown}
 q - a scroll of noise {unknown}
 r - 2 scrolls of magic mapping {unknown}
 s - a scroll of blinking {unknown}
 y - a scroll of identify
Potions
 d - a potion of mutation
 k - a potion of brilliance {unknown}
 n - 5 potions of curing
 o - a potion of magic
 u - 3 potions of degeneration {unknown}
 v - a potion of resistance {unknown}
 x - a potion of berserk rage {unknown}
 z - a potion of heal wounds
 A - a potion of ambrosia {unknown}


   Skills:
 + Level 8.5 Fighting
 + Level 12.0 Long Blades
 + Level 9.1 Armour
 + Level 3.6 Dodging
 + Level 1.1 Stealth
 + Level 7.9 Shields
 + Level 1.7 Invocations


You had 9 spell levels left.
You didn't know any spells.
Your spell library contained the following spells:

 Spells                   Type           Power      Damage    Failure   Level
 Gell's Gravitas          Tloc           0%         N/A       98%         3
 Teleport Other           Tloc           0%         N/A       98%         3
 Dispersal                Tloc           0%         N/A       100%        6


Dungeon Overview and Level Annotations

Branches:
Dungeon (8/15)             Temple (1/1) D:4          Bailey (1/1)
   Lair: D:8-11

Altars:
Ashenzari
Cheibriados
Elyvilon
Gozag
Hepliaklqana
Makhleb
Nemelex Xobeh
Okawaru
Qazlal
Ru
Sif Muna
Trog
Uskayaw
Xom
Yredelemnul
Zin
The Shining One

Shops:
D:4 *

Annotations:
D:3 2 transporters


Innate Abilities, Weirdness & Mutations

You have a pair of horns on your head.
You reflexively headbutt those who attack you in melee.


Message History

You block the orc warrior's attack. The orc hits you but does no damage.
The orc barely misses you.
You hit the orc. Your headbutt misses the orc.
The orc is almost dead.
An orc warrior comes into view. It is wielding a +0 halberd.
You block the orc warrior's attack. x2; The orc barely misses you.
The orc hits you but does no damage.
Unknown command.
The orc warrior shouts!
You hit the orc.
You kill the orc!
Okawaru accepts your kill.
The orc warrior hits you with a +0 bardiche.
The orc warrior hits you from afar with a +0 halberd!!
You block the orc's attack.
You closely miss the orc warrior. You headbutt the orc warrior.
You kill the orc warrior!
Okawaru accepts your kill. The orc warrior closely misses you.
Your Long Blades skill increases to level 12!
The orc hits you from afar with a +0 trident.
Things that are here:
a +0 bardiche; a +0 scale mail; an orc corpse The orc barely misses you.
The orc warrior closely misses you.
The orc warrior hits you with a +0 halberd!!
You hit the orc.
You kill the orc!
Okawaru accepts your kill.
The orc warrior hits you from afar with a +0 halberd.
Your +3 falchion of holy wrath stops glowing.
You feel a sense of dread.
b - a +0 vampiric long sword (weapon)
You block the orc warrior's attack.
Unknown command.
You closely miss the orc warrior.
You headbutt the orc warrior, but do no damage.
The orc warrior hits you from afar with a +0 halberd!!
* * * LOW HITPOINT WARNING * * *
The orc warrior hits you with a +0 halberd!!
You die...

≈≈.....≈≈≈)≈≈.#⌠..#
..≈≈≈≈≈).≈≈)≈.##..#
≈≈≈...≈≈≈)≈.≈≈.#..#
≈..⌠.⌠..≈.≈≈.≈.#..+
...∩∩∩..≈....≈.#..+
≈..⌠.⌠..≈.≈≈.≈.#..+
≈≈≈...≈≈≈.≈.≈≈.#..#
..≈≈≈≈≈..≈≈.≈.##))#
≈≈.....≈≈≈.≈≈.#)@.#
.≈≈≈≈≈≈≈).≈≈..#..o#
≈.))....≈≈≈.⌠.#o).#
≈≈≈≈≈≈≈≈≈....##...#
.........#####....#
########## .....#
.....## .....##
≈≈≈≈≈#


You could see 2 orc warriors.

Vanquished Creatures
  A two-headed ogre (D:7)
  2 freezing wraiths (D:7)
  2 ice devils (D:7)
  A hornet (D:7)
  Grinder (D:6)
  Edmund (D:6)
  2 water moccasins (D:5)
  Duvessa (D:4)
  5 orc warriors
  An ice beast (D:7)
  A sky beast (D:7)
  A necrophage (D:4)
  An ogre (D:4)
  3 centaurs
  A phantom (D:5)
  Blork the orc (D:5)
  2 water moccasin zombies (D:5)
  5 scorpions
  A wyvern zombie (D:5)
  Dowan (D:4)
  A water moccasin skeleton (D:5)
  3 wights (D:7)
  A crimson imp (D:5)
  4 bullfrog zombies (D:5)
  2 hounds (D:5)
  2 orc priests
  3 bullfrog skeletons
  6 iguanas
  2 orc wizards (D:7)
  Natasha (thrice) (D:3)
  A killer bee zombie (D:5)
  A hound zombie (D:5)
  A hound skeleton (D:5)
  4 gnolls
  A howler monkey zombie (D:5)
  11 adders
  7 white imps
  2 ufetubi (D:6)
  An adder skeleton (D:5)
  4 worms
  3 dart slugs
  40 orcs
  7 endoplasms
  A giant cockroach (D:4)
  12 goblins
  9 hobgoblins
  4 quokkas
  7 ball pythons
  4 bats
  2 frilled lizards (D:3)
  6 kobolds
  6 rats
  A spectral hobgoblin (D:1)
196 creatures vanquished.

Vanquished Creatures (others)
  An orc (Bailey)
  6 plants (D:3)
7 creatures vanquished.

Grand Total: 203 creatures vanquished

Notes
Turn   | Place    | Note
-------+----------+-------------------------------------------
     0 | D:1      | Peloso the Minotaur Fighter began the quest for the Orb.
     0 | D:1      | Reached XP level 1. HP: 19/19 MP: 0/0
    75 | D:1      | Found a faded altar of an unknown god.
   525 | D:1      | Reached XP level 2. HP: 22/27 MP: 1/1
   822 | D:2      | Reached XP level 3. HP: 12/33 MP: 2/2
  1088 | D:1      | Reached skill level 3 in Long Blades
  1303 | D:2      | Reached XP level 4. HP: 38/40 MP: 3/3
  1527 | D:2      | Reached skill level 4 in Long Blades
  1686 | D:2      | Found a glowing silver altar of Zin.
  1883 | D:3      | Noticed Natasha
  1889 | D:3      | Killed Natasha
  1890 | D:3      | Reached XP level 5. HP: 37/46 MP: 4/4
  2234 | D:3      | Noticed Natasha
  2260 | D:3      | Killed Natasha
  2261 | D:3      | Reached skill level 5 in Long Blades
  2287 | D:3      | Reached skill level 5 in Armour
  2484 | D:3      | Reached skill level 1 in Dodging
  2513 | D:3      | Reached XP level 6. HP: 53/53 MP: 5/5
  2826 | D:4      | Found Zin's Purification Station.
  2829 | D:4      | Found a glowing silver altar of Zin.
  2871 | D:4      | Found a staircase to the Ecumenical Temple.
  2882 | Temple   | Entered the Ecumenical Temple
  2913 | Temple   | Became a worshipper of Warmaster Okawaru
  3083 | D:4      | Reached skill level 6 in Long Blades
  3089 | D:4      | Reached XP level 7. HP: 31/60 MP: 6/6
  3277 | D:4      | Noticed Duvessa
  3277 | D:4      | Noticed Dowan
  3286 | D:4      | Killed Dowan
  3297 | D:4      | Killed Duvessa
  3298 | D:4      | Reached skill level 5 in Fighting
  3298 | D:4      | Reached skill level 5 in Shields
  3770 | D:5      | Entered Level 5 of the Dungeon
  3776 | D:5      | Reached skill level 7 in Long Blades
  3787 | D:5      | Reached * piety under Okawaru
  3903 | D:5      | Reached XP level 8. HP: 63/69 MP: 7/7
  4002 | D:5      | Reached skill level 8 in Long Blades
  4031 | D:5      | Reached ** piety under Okawaru
  4530 | D:5      | Reached skill level 9 in Long Blades
  4835 | D:6      | Noticed Blork the orc
  4838 | D:6      | Noticed Edmund
  4851 | D:5      | Killed Blork the orc
  4944 | D:6      | Killed Edmund
  5251 | D:6      | Noticed Grinder
  5267 | D:5      | Reached XP level 9. HP: 68/78 MP: 6/8
  5467 | D:6      | Killed Grinder
  5919 | D:3      | Noticed Natasha
  5931 | D:3      | Killed Natasha
  5999 | D:3      | Identified the amulet "Luppeumo" {Acrobat rF+}
  6026 | D:3      | Found a transporter.
  6032 | D:3      | Found a transporter.
  6193 | D:7      | Noticed a two-headed ogre
  6199 | D:7      | Killed a two-headed ogre
  6199 | D:7      | Reached *** piety under Okawaru
  6200 | D:7      | Reached skill level 10 in Long Blades
  6200 | D:7      | Reached skill level 1 in Stealth
  6217 | D:7      | Found a shimmering altar of Xom.
  6218 | D:7      | Found a shimmering altar of Xom.
  6228 | D:7      | Found a shimmering altar of Xom.
  6228 | D:7      | Found a shimmering altar of Xom.
  6228 | D:7      | Found a shimmering altar of Xom.
  6228 | D:7      | Found a shimmering altar of Xom.
  6393 | D:7      | Noticed a mana viper
  6504 | D:7      | Reached skill level 1 in Invocations
  6566 | D:7      | Reached **** piety under Okawaru
  6801 | D:7      | Noticed an ice devil
  6801 | D:7      | Noticed an ice devil
  6818 | D:7      | Reached skill level 11 in Long Blades
  6843 | D:7      | Killed an ice devil
  6862 | D:7      | Noticed a freezing wraith
  6872 | D:7      | Killed a freezing wraith
  6873 | D:7      | Reached XP level 10. HP: 33/88 MP: 10/10
  7582 | D:7      | Found a stormy altar of Qazlal.
  7582 | D:7      | Found a shimmering blue altar of Sif Muna.
  7582 | D:7      | Found a white marble altar of Elyvilon.
  7636 | D:7      | Noticed a death drake
  7636 | D:7      | a culicivora changed into a death drake
  7656 | D:7      | Noticed a swamp dragon
  7895 | D:7      | Found the +8 frozen axe "Frostbite" {freezing cloud, *Noise
                  | Fly rC+}
  8011 | D:7      | Noticed a death drake
  8039 | D:8      | Found a flagged portal.
  8073 | Bailey   | Entered a bailey
  8385 | Bailey   | Reached skill level 12 in Long Blades
  8389 | Bailey   | Mangled by an orc warrior

Illustrated notes

Levels and vault maps discovered:
D:1:      lightli_arrival_statuegarden, layout_basic,
          dreamdust_ecumenical_altar_drowned_temple
D:2:      layout_rooms, basic_altar
D:3:      minmay_chambers_of_threes, layout_basic,
          gammafunk_ghost_gnarly_gnolls, minmay_randomly_rotated_circles,
          uniq_natasha
D:4:      layout_cave_pods, zin_purify, minmay_temple_entry_proselytizer,
          nrook_uturn, uniq_duvessa
D:5:      layout_basic, serial_undead, serial_undead_e, serial_undead_e,
          serial_undead_c, serial_undead_e, serial_undead_f,
          minmay_fire_ice_demons
D:6:      layout_basic, uniq_edmund, uniq_grinder, uniq_blork_the_orc
D:7:      layout_layer_cave, xom_shifter_show, gammafunk_temple_overflow_claw,
          hellmonk_guarded_unrand_frostbite
D:8:      layout_basic, mainiacjoe_overflow_brackets, old_standard_altar,
          enter_bailey_5, lemuel_another_geyser
Temple:   cyrus_circular_temple
Bailey:   bailey_polearm_flooded_kennysheep, bailey

Skill      XL: |  1  2  3  4  5  6  7  8  9 10 |
---------------+-------------------------------+-----
Armour         | 4 5 6 7 8 9 |  9.1
Shields        | 4 5 6 7 |  7.9
Fighting       | 4 5 6 8 |  8.5
Long Blades    | 3 4 5 6 7 9 11 12 | 12.0
Dodging        | 1 2 3 |  3.6
Stealth        | 1 |  1.1
Invocations    | 1 |  1.7

Action                   |  1- 3 |  4- 6 |  7- 9 | 10-12 || total
-------------------------+-------+-------+-------+-------++-------
Melee: Long sword        |    54 |   159 |    32 |     1 ||   246
       Headbutt          |     7 |    20 |    42 |    20 ||    89
       Falchion          |       |       |   203 |    90 ||   293
Invok: Heroism           |       |       |     7 |     2 ||     9
  Use: Scroll            |       |     3 |     4 |       ||     7
       Potion            |       |       |     3 |       ||     3
Armor: Scale mail        |    20 |     6 |    79 |    58 ||   163
       Chain mail        |       |    63 |     4 |       ||    67
Dodge: Dodged            |    23 |    70 |   104 |    82 ||   279
Block: Buckler           |     7 |    35 |    54 |    46 ||   142
